 Dungeon Crawl Stone Soup version 0.21-a0-111-g52d2817 (webtiles) character file.

11677 Gorglomux the Severer (level 11, -1/145 HPs)
             Began as a Hill Orc Artificer on July 11, 2017.
             Was an Elder of Trog.
             Slain by a two-headed ogre
             ... wielding a cursed -3 giant club
              (5 damage)
             ... on level 12 of the Dungeon.
             The game lasted 00:24:52 (12567 turns).

Gorglomux the Severer (Hill Orc Artificer)         Turns: 12567, Time: 00:24:54

Health: -1/145     AC: 16    Str: 21    XL:     11   Next: 81%
Magic:  13/13      EV:  7    Int: 11    God:    Trog [****..]
Gold:   704        SH:  0    Dex: 11    Spells: 10/10 levels left

rFire    . . .     SeeInvis .   j - +0 war axe
rCold    . . .     Gourm    .   (no shield)
rNeg     . . .     Faith    .   H - +0 plate armour
rPois    .         Spirit   .   (no helmet)
rElec    .         Reflect  .   (no cloak)
rCorr    +         Harm     .   w - +0 pair of gloves
MR       ++...                  K - +0 pair of boots
Stlth    ..........             (no amulet)
HPRegen  1.34/turn              g - ring of resist corrosion
MPRegen  0.13/turn              l - -3 ring of strength

@: berserking, regenerating, drained, very quick
A: no striking features
a: Berserk, Trog's Hand, Brothers in Arms, Burn Spellbooks, Renounce Religion


You were on level 12 of the Dungeon.
You worshipped Trog.
Trog was greatly pleased with you.
You were very hungry.

You visited 1 branch of the dungeon, and saw 12 of its levels.

You collected 704 gold pieces.

Inventory:

Hand Weapons
 b - the +3 halberd of Glory {drain, rElec rF++ Int+2}
   (You found it on level 7 of the Dungeon)

   A truly terrible weapon, it drains the life of those it strikes.
   It affects your intelligence (+2).
   It greatly protects you from fire.
   It insulates you from electricity.
 j - a +0 war axe (weapon)
Missiles
 Y - 7 javelins
 Z - 2 throwing nets (quivered)
Armour
 w - a +0 pair of gloves (worn)
 x - a +0 buckler
 H - a +0 plate armour (worn)
 K - a +0 pair of boots (worn)
Jewellery
 g - a ring of resist corrosion (left hand)
 l - a -3 ring of strength (right hand)
Wands
 c - a wand of flame (7/48)
 e - a wand of random effects (4/48)
 i - a wand of lightning (6/15)
 m - a wand of enslavement (7/24)
 A - a wand of acid (5/15)
 D - a wand of lightning (11/15)
 E - a wand of enslavement (8/24)
 G - a wand of flame (33/48)
 L - a wand of lightning (10/15)
 S - a wand of scattershot (0/9)
 W - a wand of flame (6/48)
Scrolls
 d - 3 scrolls of fear {unknown}
 h - a scroll of enchant weapon {unknown}
 k - a scroll of amnesia {unknown}
 o - 2 scrolls of immolation {unknown}
 p - a scroll of fog {unknown}
 q - a scroll of holy word {unknown}
 s - a scroll of brand weapon {unknown}
 B - a scroll of blinking
 F - 2 scrolls of remove curse
 I - 3 scrolls of recharging
 J - a scroll of magic mapping {unknown}
 O - 4 scrolls of enchant armour {unknown}
 R - 3 scrolls of identify
 T - a scroll of teleportation
Potions
 a - a potion of lignification {unknown}
 n - 2 potions of might
 t - a potion of heal wounds
 u - 2 potions of cancellation
 v - 2 potions of berserk rage {unknown}
 y - 3 potions of flight
 C - 2 potions of invisibility {unknown}
 N - 2 potions of degeneration {unknown}
 P - a potion of agility
 Q - 3 potions of curing
Miscellaneous
 V - a phantom mirror
 X - a phial of floods
Comestibles
 f - 7 bread rations
 r - a royal jelly
 z - 3 meat rations
 M - 2 chunks of flesh
 U - 3 fruits


   Skills:
 + Level 9.4(9.3) Fighting
   Level 1.0(0.9) Short Blades
 - Level 16.2(16.1) Axes
 + Level 8.5(8.4) Armour
 + Level 2.2(2.1) Dodging
 - Level 0.7(0.6) Stealth
 - Level 6.5(6.4) Shields
 - Level 3.0(2.9) Evocations


You had 10 spell levels left.
You didn't know any spells.

Dungeon Overview and Level Annotations

Branches:
Dungeon (12/15)            Temple (0/1) D:6            Lair (0/6) D:9
    Orc: D:9-12

Altars:
Dithmenos
Elyvilon
Fedhas
Kikubaaqudgha
Qazlal
Ru
Trog
Uskayaw
Vehumet
Wu Jian
Xom
Zin
The Shining One


Message History

The two-headed ogre is moderately wounded.
You slash something! You slash the two-headed ogre!
The two-headed ogre is moderately wounded.
You slash something! Something hits you but does no damage.
The two-headed ogre hits you with a giant club!!
* * * LOW HITPOINT WARNING * * *
The two-headed ogre hits you with a giant club!
* * * LOW HITPOINT WARNING * * *
You slash the two-headed ogre!
The two-headed ogre is severely wounded.
Unknown command.
You slash the two-headed ogre!
The two-headed ogre is almost dead.
You miss something. Something hits you.
* * * LOW HITPOINT WARNING * * *
The two-headed ogre hits you with a giant club!!
* * * LOW HITPOINT WARNING * * *
The two-headed ogre hits you with a giant club.
You die...

..# ..# #.#
#)# #.# ..
#.# #.# #O#
.. #@#
#.##{#
..#.# #.#.#
#?#.# ..
#...#
?...####..#
#.........#
######.#.#


You could see a two-headed ogre.

Vanquished Creatures
  3 two-headed ogres
  A manticore (D:8)
  An ugly thing (D:11)
  The ghost of PeterMcNeter the Digger, a novice DDEE (D:6)
  A centaur skeleton (D:10)
  3 trolls
  4 hippogriffs
  Sigmund (D:2)
  A vampire (D:11)
  3 wyverns
  3 wargs (D:9)
  A water moccasin (D:10)
  2 orc warriors
  5 sky beasts
  2 ice beasts
  5 ogres
  4 centaurs
  A big kobold (D:8)
  3 bullfrogs
  2 gnoll sergeants
  A water moccasin zombie (D:8)
  6 scorpions
  A water moccasin skeleton (D:9)
  12 wights
  2 howler monkeys (D:12)
  10 crimson imps
  2 jellies
  11 orc priests
  2 hounds (D:5)
  6 orc wizards
  Ijyb (D:3)
  4 bullfrog skeletons
  5 iguanas
  10 worker ants
  Natasha (thrice) (D:2)
  A killer bee zombie (D:4)
  2 hound zombies
  2 howler monkey zombies
  A worker ant zombie (D:5)
  10 gnolls
  A howler monkey skeleton (D:5)
  11 adders
  2 shadow imps (D:9)
  2 oozes (D:2)
  3 adder zombies
  An adder skeleton (D:9)
  2 worms
  A dart slug (D:1)
  11 leopard geckos
  26 orcs
  A ball python (D:3)
  3 bats
  7 giant cockroaches
  8 goblins
  9 hobgoblins
  7 jackals
  6 quokkas
  5 frilled lizards
  13 kobolds
  A quokka skeleton (D:4)
  A quokka zombie (D:5)
  6 rats
266 creatures vanquished.

Vanquished Creatures (collateral kills)
  Snorg (D:11)
  A hippogriff (D:11)
  A shadow (D:11)
  2 bullfrogs
  A crimson imp (D:8)
  An orc priest (D:8)
  A gnoll (D:3)
  An orc (D:8)
9 creatures vanquished.

Vanquished Creatures (others)
  A two-headed ogre (D:8)
  2 plants (D:3)
3 creatures vanquished.

Grand Total: 278 creatures vanquished

Notes
Turn   | Place    | Note
-------+----------+-------------------------------------------
     0 | D:1      | Gorglomux the Hill Orc Artificer began the quest for the Orb.
     0 | D:1      | Reached XP level 1. HP: 16/16 MP: 3/3
   118 | D:1      | Reached skill level 1 in Armour
   139 | D:1      | Reached XP level 2. HP: 19/24 MP: 4/4
   752 | D:1      | Reached XP level 3. HP: 29/29 MP: 5/5
  1485 | D:2      | Found a bloodstained altar of Trog.
  1504 | D:2      | Noticed Natasha
  1516 | D:2      | Killed Natasha
  1516 | D:2      | Reached skill level 3 in Fighting
  1516 | D:2      | Reached skill level 3 in Armour
  1516 | D:2      | Reached XP level 4. HP: 12/38 MP: 6/6
  1536 | D:2      | Became a worshipper of Trog the Wrathful
  1781 | D:2      | Noticed Natasha
  1793 | D:2      | Killed Natasha
  1818 | D:2      | Found an ornate altar of the Wu Jian Council.
  2164 | D:2      | Noticed Natasha
  2180 | D:2      | Killed Natasha
  2180 | D:2      | Reached XP level 5. HP: 40/46 MP: 7/7
  2216 | D:2      | Noticed Sigmund
  2221 | D:2      | Killed Sigmund
  2221 | D:2      | Reached XP level 6. HP: 52/56 MP: 8/8
  2472 | D:3      | Found a stormy altar of Qazlal.
  2502 | D:3      | Noticed Ijyb
  2508 | D:3      | Killed Ijyb
  2670 | D:3      | Reached * piety under Trog
  2784 | D:3      | Found a glowing silver altar of Zin.
  3468 | D:4      | Reached XP level 7. HP: 36/62 MP: 9/9
  3699 | D:4      | Reached skill level 6 in Fighting
  3709 | D:4      | Reached ** piety under Trog
  4162 | D:5      | Entered Level 5 of the Dungeon
  4339 | D:5      | Reached skill level 6 in Armour
  4373 | D:5      | Found a hide-covered altar of Uskayaw.
  4678 | D:5      | Reached XP level 8. HP: 50/73 MP: 10/10
  4899 | D:5      | Found a radiant altar of Vehumet.
  4924 | D:5      | Found a shimmering altar of Xom.
  5453 | D:4      | Paralysed by a crimson imp for 5 turns
  5477 | D:5      | Reached *** piety under Trog
  5945 | D:6      | Reached skill level 9 in Fighting
  5959 | D:6      | Reached skill level 1 in Axes
  6211 | D:6      | Reached skill level 3 in Axes
  6368 | D:6      | Noticed PeterMcNeter's ghost (novice DDEE)
  6471 | D:6      | Found a staircase to the Ecumenical Temple.
  6476 | D:6      | Noticed a two-headed ogre
  6486 | D:6      | Killed a two-headed ogre
  6486 | D:6      | Reached skill level 7 in Axes
  6486 | D:6      | Reached XP level 9. HP: 83/83 MP: 11/11
  6665 | D:6      | Reached skill level 8 in Axes
  6701 | D:6      | Found a blossoming altar of Fedhas.
  6739 | D:6      | Killed PeterMcNeter's ghost
  6739 | D:6      | Reached skill level 9 in Axes
  6816 | D:6      | Found an ancient bone altar of Kikubaaqudgha.
  7284 | D:7      | Reached skill level 10 in Axes
  7409 | D:7      | Found a glowing golden altar of the Shining One.
  7601 | D:7      | Reached skill level 1 in Shields
  7619 | D:7      | Reached skill level 3 in Shields
  7936 | D:7      | Reached XP level 10. HP: 82/91 MP: 12/12
  8001 | D:7      | Found a white marble altar of Elyvilon.
  8023 | D:7      | Got a polished halberd
  8029 | D:7      | Identified the cursed +3 halberd of Glory {drain, rElec rF++ Int+2} (You found it on level 7 of the Dungeon)
  8334 | D:8      | Noticed a two-headed ogre
  8338 | D:8      | Killed a two-headed ogre
  8338 | D:8      | Reached skill level 6 in Shields
  8345 | D:8      | Noticed a two-headed ogre
  8363 | D:8      | Noticed a manticore
  8409 | D:8      | Reached **** piety under Trog
  8518 | D:8      | Reached skill level 11 in Axes
  8714 | D:8      | Killed a manticore
  8738 | D:8      | HP: 1/91 [barbs]
  8821 | D:8      | Reached skill level 12 in Axes
  9519 | D:9      | Reached skill level 13 in Axes
  9616 | D:9      | Found a staircase to the Lair.
  9628 | D:9      | Reached XP level 11. HP: 54/97 MP: 13/13
  9819 | D:9      | Reached skill level 14 in Axes
  9851 | D:9      | Found a shadowy altar of Dithmenos.
 10276 | D:9      | Found a sacrificial altar of Ru.
 10493 | D:10     | Entered Level 10 of the Dungeon
 10648 | D:10     | Reached ***** piety under Trog
 10743 | D:10     | Reached skill level 15 in Axes
 11138 | D:11     | Noticed Snorg
 11200 | D:11     | HP: 2/97 [Snorg (14)]
 11202 | D:11     | Killed Snorg
 11876 | D:11     | Noticed a cyan ugly thing
 11884 | D:11     | Reached skill level 16 in Axes
 11901 | D:11     | Killed a cyan ugly thing
 12178 | D:11     | Noticed a two-headed ogre
 12191 | D:11     | Killed a two-headed ogre
 12558 | D:12     | Noticed a two-headed ogre
 12567 | D:12     | HP: 4/145 [two-headed ogre/giant club (21)]
 12567 | D:12     | Slain by a two-headed ogre

Vault maps used:
D:1:      scummos_arrival_hexagon
D:2:      nicolae_overflow_crystal_walls, overflow_temple_1_default,
          minmay_curled_crystal, uniq_natasha, uniq_sigmund
D:3:      nicolae_overflow_hidden_temple, lemuel_round_altar,
          lexackson_kobold_supper, uniq_ijyb
D:4:      kennysheep_generic_room_11
D:5:      eat_drink_and_be_merry_uskayaw, vehumet_altar_wand_db, led_xom_imps,
          first_bread
D:6:      marbit_many_paths, lemuel_doored_altar,
          minmay_temple_entry_statues_fountains, minmay_door_square
D:7:      overflow_temple_1_default, tso_oasis_becter
D:9:      overflow_temple_1_default, grunt_dithmenos_smoke_and_mirrors,
          erik_lair_orcish_takeover
D:11:     uniq_snorg
D:12:     hiddenorc1_lemuel

Skill      XL: |  1  2  3  4  5  6  7  8  9 10 11 |
---------------+----------------------------------+-----
Armour         | 1 2 3 4 5 6 8 |  8.5
Fighting       | 2 3 4 5 7 9 |  9.4
Axes           | 7 10 13 16 | 16.2
Shields        | 3 6 |  6.5
Dodging        | 2 |  2.2
Short Blades   | |  1.0
Stealth        | |  0.7
Evocations     | |  3.0

Action                   |  1- 3 |  4- 6 |  7- 9 | 10-12 || total
-------------------------+-------+-------+-------+-------++-------
Melee: Short sword       |   185 |   258 |    73 |       ||   516
       Dagger            |       |       |   511 |       ||   511
       Spear             |       |       |    17 |       ||    17
       Hand axe          |       |       |   142 |    15 ||   157
       Halberd           |       |       |       |   348 ||   348
       War axe           |       |       |       |   144 ||   144
Invok: Berserk           |       |     1 |    13 |    13 ||    27
       Burn Spellbooks   |       |     1 |     1 |     5 ||     7
       Trog's Hand       |       |       |     1 |     7 ||     8
       Brothers in Arms  |       |       |       |     1 ||     1
Evoke: Wand              |     3 |    12 |     6 |     6 ||    27
  Use: Scroll            |       |     3 |     2 |     7 ||    12
       Potion            |       |       |       |     3 ||     3
  Eat: Chunk             |     2 |     8 |    14 |    29 ||    53
       Meat ration       |       |       |     2 |       ||     2
       Fruit             |       |       |     5 |       ||     5
Armor: Plate armour      |   118 |   194 |   582 |   410 ||  1304
       Leather armour    |    10 |       |       |       ||    10
Dodge: Dodged            |    60 |    76 |   217 |   197 ||   550
Block: Buckler           |       |       |     8 |       ||     8
